 Dungeon Crawl Stone Soup version 0.31-a0-986-g5e6e4ef867 (webtiles) character file.

Game seed: 12862112368062644664

22183 octoduck the Destroyer (level 12, -1/59 HPs)
             Began as a Deep Elf Conjurer on Nov 15, 2023.
             Was a High Priest of Vehumet.
             Slain by a basilisk (2 damage)
             ... while petrified by a basilisk
             ... on level 2 of the Lair of Beasts.
             The game lasted 01:13:15 (17800 turns).

octoduck the Destroyer (Deep Elf Conjurer)         Turns: 17800, Time: 01:13:16

Health: -1/59      AC: 12    Str:  4    XL:     12   Next: 60%
Magic:  32/32      EV:  2    Int: 27    God:    Vehumet [*****.]
Gold:   535        SH:  0    Dex: 18    Spells: 2/23 levels left

rFire   . . .        A - +6 mace of Eternity {flame, Dex+3}
rCold   . . .        K - +0 buckler
rNeg    + + +        a - +1 robe
rPois   ∞            t - +1 helmet
rElec   .            F - +1 cloak
rCorr   .            (no gloves)
SInv    .            I - +0 pair of boots
Will    +....        B - amulet of regeneration
Stlth   +++          d - ring of magical power
HPRegen 1.09/turn    y - +4 ring of protection
MPRegen 0.23/turn

%: no passive effects
@: petrified
A: no striking features
a: Renounce Religion


You were on level 2 of the Lair of Beasts.
You worshipped Vehumet.
Vehumet was extremely pleased with you.
You visited 3 branches of the dungeon, and saw 14 of its levels.

You collected 587 gold pieces.
You spent 52 gold pieces at shops.

Inventory:

Hand Weapons
 A - the +6 mace of Eternity (weapon) {flame, Dex+3}
   (You found it on level 5 of the Dungeon)

   Dex+3:     It affects your dexterity (+3).
 L - a +4 dagger of freezing
 P - a +2 dagger of distortion
Missiles
 i - 37 poisoned darts
Armour
 a - a +1 robe (worn)
 h - a +0 leather armour
 m - the +2 leather armour of the Ditch-Digger {Contam Dex+8}
   (You found it on level 7 of the Dungeon)

   Dex+8:     It affects your dexterity (+8).
   Contam:    It causes magical contamination when unequipped.
 t - a +1 helmet (worn)
 w - +0 steam dragon scales
 C - the +2 leather armour "Etoofas" {Str+3 Stlth+}
   (You found it on level 6 of the Dungeon)

   Str+3:     It affects your strength (+3).
   Stlth+:    It makes you more stealthy.
 F - a +1 cloak (worn)
 H - the +3 leather armour "Bairgha" {Dex+5}
   (You took it off Sigmund on level 3 of the Dungeon)

   Dex+5:     It affects your dexterity (+5).
 I - a +0 pair of boots (worn)
 K - a +0 buckler (worn)
Jewellery
 d - a ring of magical power (left hand)
 u - a ring of ice
 y - a +4 ring of protection (right hand)
 B - an amulet of regeneration (around neck)
 G - a ring of fire
 N - a ring of poison resistance
 Q - a ring of positive energy
Wands
 J - a wand of roots (6)
 M - a wand of charming (6)
 V - a wand of mindburst (7)
Scrolls
 k - 5 scrolls of teleportation
 l - a scroll of torment
 o - a scroll of identify
 p - 2 scrolls of silence
 s - 2 scrolls of enchant armour
 z - 2 scrolls of poison
 E - a scroll of brand weapon
 O - 2 scrolls of vulnerability
 S - 2 scrolls of summoning
 T - a scroll of enchant weapon {unknown}
 U - a scroll of immolation
Potions
 b - a potion of magic
 c - 2 potions of heal wounds
 e - a potion of berserk rage
 f - 3 potions of brilliance
 g - 5 potions of curing
 j - a potion of resistance
 n - a potion of lignification
 q - 5 potions of mutation
 r - a potion of haste
 v - 6 potions of might
 x - a potion of degeneration {unknown}
 D - 2 potions of ambrosia


   Skills:
 - Level 11.3 Dodging
 - Level 5.1 Stealth
 + Level 4.1 Shields
 - Level 6.0 Spellcasting
 + Level 13.2 Conjurations
 + Level 8.5 Hexes
 - Level 5.1 Translocations
 - Level 12.0 Fire Magic


You had 2 spell levels left.
You knew the following spells:

 Your Spells              Type           Power      Damage    Failure   Level
a - Magic Dart            Conj           100%       1d8       1%          1
b - Searing Ray           Conj           100%       2d8       1%          2
c - Foxfire               Conj/Fire      100%       2x1d9     1%          1
d - Scorch                Fire           100%       2d9       1%          2
e - Volatile Blastmotes   Fire/Tloc      100%       2d18      1%          3
f - Flame Wave            Conj/Fire      66%        2d15      1%          4
g - Iskenderun's Mystic   Conj/Tloc      55%        2d12      1%          4
h - Fulminant Prism       Conj/Hex       30%        3d15      1%          4

Your spell library contained the following spells:

 Spells                   Type           Power      Damage    Failure   Level
 Iskenderun's Battlesphe  Conj           68%        2d12      1%          5
 Apportation              Tloc           72%        N/A       1%          1
 Necrotise                Necr           32%        1d5       12%         1
 Summon Small Mammal      Summ           32%        N/A       12%         1
 Cigotuvi's Dreadful Rot  Necr/Pois/Air  16%        N/A       17%         2
 Dazzling Flash           Conj/Hex       100%       N/A       1%          3
 Ignite Poison            Fire/Tmut/Pois 29%        N/A       1%          3
 Starburst                Conj/Fire      33%        6d10      2%          6
 Freezing Cloud           Conj/Ice/Air   15%        6-21      13%         5
 Summon Cactus Giant      Summ           4%         N/A       100%        6
 Maxwell's Capacitive Co  Air            4%         ∞         100%        8


Dungeon Overview and Level Annotations

Branches:
Dungeon (10/15)            Temple (1/1) D:7            Lair (3/5) D:8
 Shoals (0/4) Lair:2        Snake (0/4) Lair:2
    Orc: D:9-12

Altars:
Ashenzari
Cheibriados
Dithmenos
Elyvilon
Fedhas
Gozag
Hepliaklqana
Kikubaaqudgha
Makhleb
Nemelex Xobeh
Okawaru
Qazlal
Ru
Sif Muna
Trog
Uskayaw
Vehumet
Wu Jian
Xom
Yredelemnul
Zin
The Shining One

Shops:
D:2 ?   D:3 [!=(   D:10 [


Message History

You easily resist.
The basilisk gazes at you.
You easily resist.
The wyvern bites you! The wyvern bites you. The basilisk gazes at you.
You easily resist.
The basilisk gazes at you.
You easily resist.
The wyvern bites you! The basilisk bites you. The basilisk bites you!
The wyvern barely misses you. The wyvern bites you!
The basilisk bites you but does no damage. x2
The wyvern bites you but does no damage.
The basilisk bites you but does no damage.
The basilisk bites you!
You turn to flesh and can move again.
Okay, then.
Okay, then.
You block the wyvern's attack. The wyvern completely misses you.
The basilisk gazes at you.
You are slowing down.
The basilisk bites you!
* * * LOW HITPOINT WARNING * * *
You climb upwards.
You have turned to stone.
The wyvern completely misses you. The basilisk bites you.
* * * LOW HITPOINT WARNING * * *
The basilisk gazes at you.
The wyvern bites you but does no damage. x2
The basilisk bites you!
* * * LOW HITPOINT WARNING * * *
The basilisk bites you but does no damage.
The wyvern bites you!
* * * LOW HITPOINT WARNING * * *
The basilisk gazes at you.
You easily resist.
The basilisk bites you!
* * * LOW HITPOINT WARNING * * *
The wyvern bites you but does no damage.
The wyvern bites you!
* * * LOW HITPOINT WARNING * * *
The basilisk bites you.
You die...

....##.......####....
÷#####.....### ... ..#
#......# .#
....#......## .
....#.#.....####
...............#
.###..........####
..##...<.....>##P##
.........#..#..l@.# #
......#.##..##.ll##.#..
........##..#..........
.............÷...##....
.......#....##....# ...
........#....#...## ..
.............#####
...#...........##
..##.....P......##


You could see 2 basilisks and a wyvern.

Vanquished Creatures
  A boulder beetle (D:8)
  3 two-headed ogres (D:10)
  Pikel (D:8)
  2 wolf spiders (Lair:1)
  A black mamba (Lair:1)
  3 komodo dragons (Lair:2)
  5 cane toads
  Psyche (D:10)
  A rime drake (Lair:1)
  A hornet (Lair:2)
  A polar bear (Lair:1)
  Grinder (D:4)
  Prince Ribbit (Lair:1)
  20 blink frogs
  Sigmund (D:3)
  5 wyverns
  A wraith (D:9)
  A shadow (D:9)
  26 yaks
  A basilisk (Lair:1)
  2 steam dragons (D:8)
  4 vampire mosquitoes (D:10)
  Edmund (D:5)
  8 water moccasins
  An acid dragon (D:10)
  3 nagas (Lair:2)
  2 black bears
  A sky beast (D:6)
  An ice beast (D:5)
  4 centaurs
  12 wolves (Lair:1)
  A lemure (D:8)
  8 bullfrogs
  A kobold brigand (D:10)
  4 scorpions
  A wight (D:9)
  3 electric eels (Lair:1)
  6 howler monkeys
  4 crimson imps (D:10)
  A gnoll bouda (D:9)
  3 jellies (D:7)
  6 orc priests
  A hound (D:4)
  Jessica (D:2)
  Natasha (thrice) (D:2)
  6 iguanas
  4 orc wizards
  Robin (D:4)
  4 gnolls (D:9)
  8 adders
  2 shadow imps
  5 white imps
  4 ufetubi
  2 worms
  3 dart slugs
  22 orcs
  5 ball pythons
  3 bats
  7 endoplasms
  A giant cockroach (D:1)
  14 goblins
  6 hobgoblins
  7 jackals
  7 quokkas
  A frilled lizard (D:2)
  12 kobolds
  9 rats
292 creatures vanquished.

Vanquished Creatures (collateral kills)
  A foxfire (Lair:1)
1 creature vanquished.

Vanquished Creatures (others)
  155 foxfires
  13 fulminant prisms
168 creatures vanquished.

Grand Total: 461 creatures vanquished

Notes
Turn   | Place    | Note
-------+----------+-------------------------------------------
     0 | D:1      | octoduck the Deep Elf Conjurer began the quest for the Orb.
     0 | D:1      | Reached XP level 1. HP: 10/10 MP: 6/6
   463 | D:1      | Reached XP level 2. HP: 15/15 MP: 1/8
   524 | D:1      | Learned a level 2 spell: Searing Ray
  1084 | D:2      | Reached skill level 5 in Conjurations
  1123 | D:2      | Found a blossoming altar of Fedhas.
  1193 | D:2      | Noticed Jessica
  1268 | D:2      | Noticed Natasha
  1302 | D:2      | Found Uroakh's Magic Scroll Shop.
  1409 | D:2      | Reached XP level 3. HP: 19/19 MP: 4/9
  2175 | D:3      | Found Bayc Jue's Jewellery Shoppe.
  2175 | D:3      | Found a shimmering altar of Xom.
  2191 | D:2      | Bought a scroll of identify for 26 gold pieces
  2239 | D:3      | Found Xiwiluq's Distillery.
  2243 | D:3      | Found Eskalin's Weapon Shoppe.
  2244 | D:3      | Found a burning altar of Makhleb.
  2244 | D:3      | Found a radiant altar of Vehumet.
  2301 | D:3      | Found a shimmering blue altar of Sif Muna.
  2312 | D:3      | Became a worshipper of Vehumet
  2350 | D:2      | Bought a scroll of identify for 26 gold pieces
  2381 | D:3      | Reached XP level 4. HP: 24/24 MP: 10/10
  2645 | D:3      | Found an opulent altar of Gozag.
  2649 | D:3      | Noticed Sigmund
  2732 | D:4      | Noticed Robin
  2752 | D:4      | Killed Robin
  3111 | D:3      | Reached XP level 5. HP: 28/28 MP: 11/11
  3114 | D:3      | Identified the +3 leather armour "Bairgha" {Dex+5}
  3210 | D:4      | Reached skill level 6 in Conjurations
  3292 | D:4      | Reached skill level 5 in Stealth
  3732 | D:4      | Reached XP level 6. HP: 27/32 MP: 12/12
  3772 | D:4      | Found a blossoming altar of Fedhas.
  3780 | D:4      | Noticed Grinder
  4171 | D:5      | Entered Level 5 of the Dungeon
  4360 | D:5      | Noticed an ice beast
  4697 | D:5      | Reached * piety under Vehumet
  4697 | D:5      | Offered knowledge of Foxfire by Vehumet.
  4700 | D:5      | Identified the +6 mace of Eternity {flame, Dex+3}
  4706 | D:5      | Learned a level 1 spell: Foxfire
  5199 | D:5      | Reached skill level 1 in Fire Magic
  5340 | D:5      | Reached skill level 5 in Dodging
  5715 | D:5      | Killed an ice beast
  5716 | D:5      | Reached XP level 7. HP: 36/36 MP: 13/13
  5788 | D:5      | Noticed Edmund
  5907 | D:5      | Learned a level 2 spell: Scorch
  5915 | D:6      | Identified the +2 leather armour "Etoofas" {Str+3 Stlth+}
  7179 | D:6      | Reached skill level 5 in Fire Magic
  7497 | D:7      | Reached XP level 8. HP: 41/41 MP: 14/14
  7573 | D:7      | Learned a level 3 spell: Volatile Blastmotes
  7703 | D:7      | Identified the +2 leather armour of the Ditch-Digger
                  | {Contam Dex+8}
  7862 | D:7      | Found a staircase to the Ecumenical Temple.
  8086 | D:7      | Reached skill level 1 in Translocations
  8172 | Temple   | Entered the Ecumenical Temple
  8245 | D:8      | Found a staircase to the Lair.
  8248 | D:8      | Noticed Pikel
  8986 | D:8      | Noticed a hornet
  9194 | D:5      | Killed Edmund
  9294 | D:4      | Found a hide-covered altar of Uskayaw.
  9421 | D:4      | Paralysed by Grinder for 3 turns
  9451 | D:4      | Killed Grinder
  9451 | D:4      | Reached ** piety under Vehumet
  9452 | D:4      | Reached skill level 5 in Translocations
  9452 | D:4      | Reached XP level 9. HP: 45/45 MP: 15/15
  9482 | D:4      | Offered knowledge of Freeze by Vehumet.
  9488 | D:4      | Learned a level 4 spell: Flame Wave
  9705 | D:3      | Found Reubofab's Armour Shop.
 10114 | D:2      | Killed Jessica
 10168 | D:2      | Killed Natasha
 10197 | D:2      | Noticed Natasha
 10201 | D:2      | Killed Natasha
 10318 | D:2      | Noticed Natasha
 10322 | D:2      | Killed Natasha
 10355 | D:3      | Killed Sigmund
 10852 | D:8      | Killed Pikel
 10853 | D:8      | Reached skill level 7 in Conjurations
 11604 | D:9      | Reached skill level 8 in Conjurations
 11619 | D:9      | Reached XP level 10. HP: 45/50 MP: 2/16
 11620 | D:9      | Offered knowledge of Stone Arrow by Vehumet.
 12023 | D:9      | Reached skill level 10 in Dodging
 12124 | D:9      | Reached skill level 9 in Conjurations
 12429 | D:9      | Found a basalt altar of Yredelemnul.
 12493 | D:9      | Found a white marble altar of Elyvilon.
 12820 | D:10     | Entered Level 10 of the Dungeon
 12821 | D:10     | Noticed a two-headed ogre
 12884 | D:10     | Noticed a two-headed ogre
 12923 | Lair:1   | Entered Level 1 of the Lair of Beasts
 13057 | D:9      | Reached *** piety under Vehumet
 13080 | D:9      | Learned a level 4 spell: Iskenderun's Mystic Blast
 13245 | D:10     | Killed a two-headed ogre
 13246 | D:10     | Reached skill level 10 in Fire Magic
 13451 | D:10     | Found Bauzet Inwu's Antique Armour Shoppe.
 13480 | D:10     | Reached skill level 10 in Conjurations
 13545 | D:10     | Noticed Psyche
 13557 | D:10     | Killed Psyche
 13747 | D:10     | Offered knowledge of Olgreb's Toxic Radiance by Vehumet.
 14062 | D:10     | Noticed a two-headed ogre
 14076 | D:10     | Killed a two-headed ogre
 14077 | D:10     | Reached skill level 5 in Spellcasting
 14077 | D:10     | Reached XP level 11. HP: 54/54 MP: 20/20
 14140 | D:10     | Killed a two-headed ogre
 14471 | Lair:1   | Reached skill level 11 in Conjurations
 14532 | D:8      | Learned a level 4 spell: Fulminant Prism
 14533 | Lair:1   | Noticed a boulder beetle
 14627 | D:8      | Killed a boulder beetle
 14718 | Lair:1   | Reached **** piety under Vehumet
 14859 | Lair:1   | Offered knowledge of Irradiate by Vehumet.
 14860 | Lair:1   | Reached skill level 1 in Hexes
 15054 | Lair:1   | Reached skill level 12 in Conjurations
 15398 | Lair:1   | Noticed a wolf spider
 15403 | Lair:1   | Killed a wolf spider
 15404 | Lair:1   | Reached skill level 1 in Shields
 15753 | Lair:1   | Noticed a wolf spider
 15763 | Lair:1   | Killed a wolf spider
 15764 | Lair:1   | Reached skill level 5 in Hexes
 15764 | Lair:1   | Reached XP level 12. HP: 35/59 MP: 14/23
 16129 | Lair:1   | Noticed Prince Ribbit
 16139 | Lair:1   | Killed Prince Ribbit
 16741 | Lair:2   | Found a staircase to the Shoals.
 17106 | Lair:2   | Reached ***** piety under Vehumet
 17106 | Lair:2   | Offered knowledge of Iskenderun's Battlesphere by Vehumet.
 17107 | Lair:2   | Reached skill level 13 in Conjurations
 17612 | Lair:2   | Found a staircase to the Snake Pit.
 17770 | Lair:2   | You fall into a shaft and drop 1 floor!
 17800 | Lair:2   | HP: 1/59 [wyvern (4)]
 17800 | Lair:2   | Slain by a basilisk

Illustrated notes

Levels and vault maps discovered:
D:1:      dpeg_arrival_arbitrary_b, layout_loops_ring, hex_tiny,
          amethyst_killhole, chequers_serial_rivers_marsh
D:2:      minmay_general_purpose_star, layout_rooms, serial_shops,
          nicolae_shop_tiny_waterfront, basic_altar, minmay_box_of_dots,
          uniq_natasha, uniq_jessica
D:3:      minmay_chambers_of_twos, layout_basic,
          mainiacjoe_overflow_tiny_flanked, grunt_temple_overflow_open,
          serial_shops, shop, shop, shop, shop, corexii_item_surrounded_by_moat,
          uniq_sigmund
D:4:      layout_loops_ring, kennysheep_little_box, nicolae_uskayaw_dance_hall,
          uniq_robin, uniq_grinder
D:5:      layout_basic, hangedman_abyss_or_decor_slice, uniq_edmund
D:6:      hellmonk_ruined_rings, layout_cave_pools
D:7:      layout_loops_ring, minmay_temple_entry_statues_pillars
D:8:      layout_basic, lair_entry_dummy, minmay_misc_feat_room,
          kennysheep_generic_room_14, uniq_joseph, uniq_pikel
D:9:      nicolae_cairo_tiling_large_dashed, layout_long_grid,
          kennysheep_ying_yang, st_stairs_1
D:10:     layout_cave_pools, serial_shops, shop, minmay_nine_imps, uniq_psyche
Temple:   cyrus_circular_temple
Lair:1:   layout_cave_pods, nicolae_lair_run_with_the_wolves,
          serial_bayou_shore_a, grunt_megastairs_4, serial_bayou_shore_b,
          infiniplex_staircase_pool_2, uniq_prince_ribbit2
Lair:2:   layout_misc_corridors, shoals_dummy_entry, nicolae_snake_entry_squirm,
          grunt_megastairs_5, lemuel_fruit_fields, serial_bayou_shore_b
Lair:3:   layout_small_grid, nicolae_lair_grazing_beasts
          [nicolae_sub_lair_graze_edge, nicolae_sub_lair_graze_edge,
          nicolae_sub_lair_graze_edge, nicolae_sub_lair_graze_edge],
          lemuel_fruit_fields

Skill      XL: |  1  2  3  4  5  6  7  8  9 10 11 12 |
---------------+-------------------------------------+-----
Stealth        | 3 4 5 |  5.1
Conjurations   | 5 6 8 10 12 13 | 13.2
Dodging        | 3 4 5 6 8 9 10 11 | 11.3
Fire Magic     | 3 6 7 9 10 12 | 12.0
Translocations | 5 |  5.1
Spellcasting   | 5 6 |  6.0
Hexes          | 5 8 |  8.5
Shields        | 1 4 |  4.1

Action                     |  1- 3 |  4- 6 |  7- 9 | 10-12 || total
---------------------------+-------+-------+-------+-------++-------
  Melee: Mace              |       |       |     2 |    13 ||    15
   Cast: Magic Dart        |    54 |    62 |    74 |    58 ||   248
         Searing Ray       |    11 |    14 |    34 |    12 ||    71
         Foxfire           |       |     9 |    36 |    47 ||    92
         Scorch            |       |       |     6 |    37 ||    43
         Volatile Blastmot |       |       |    27 |    55 ||    82
         Flame Wave        |       |       |     5 |    22 ||    27
         Iskenderun's Myst |       |       |       |    25 ||    25
         Fulminant Prism   |       |       |       |    13 ||    13
    Use: Scroll            |    11 |       |    12 |     5 ||    28
         Potion            |       |       |     1 |       ||     1
 Armour: Robe              |     9 |     7 |    37 |   140 ||   193
  Dodge: Dodged            |     5 |     7 |    63 |   144 ||   219
  Block: Buckler           |       |       |       |    11 ||    11

Table legend: (Time is in decaauts)
 A = Elapsed time spent in this place.
 B = Non-inter-level travel time spent in this place.
 C = Inter-level travel time spent in this place.
 D = Time resting spent in this place.
 E = Time spent auto-exploring this place.
 F = Levels seen in this place.
 G = Mean time per level.
                   A        B        C        D        E       F      G
               +--------+--------+--------+--------+--------+-----+--------+
         Total |  17885 |  15069 |   2816 |   4626 |   7263 |  14 | 1277.5 |
       Dungeon |  14758 |  12416 |   2342 |   3896 |   5975 |  10 | 1475.8 |
        Temple |      1 |      1 |      0 |      0 |      0 |   1 |    1.0 |
          Lair |   3124 |   2650 |    474 |    730 |   1288 |   3 | 1041.3 |
               +--------+--------+--------+--------+--------+-----+--------+

Top non-repeatable levels by time:
  Lair:1: 2341 daAuts
     D:5: 2103 daAuts
     D:9: 1966 daAuts
     D:8: 1699 daAuts
     D:3: 1528 daAuts
     D:4: 1506 daAuts
     D:2: 1374 daAuts
    D:10: 1265 daAuts
     D:7: 1189 daAuts
     D:1: 1183 daAuts
     D:6: 942 daAuts
  Lair:2: 756 daAuts
  Lair:3: 26 daAuts
  Temple: 1 daAuts
